 Dungeon Crawl Stone Soup version 0.18-a0-1687-gc97eaad (webtiles) character file.

39 Eldritch the Sneak (level 3, -1/24 HPs)
             Began as an Octopode Assassin on Mar 13, 2016.
             Slain by a giant gecko (3 damage)
             ... on level 2 of the Dungeon.
             The game lasted 00:00:49 (1081 turns).

Eldritch the Sneak (Octopode Assassin)              Turns: 1081, Time: 00:00:49

Health: -1/24      AC:  1    Str: 11    XL:     3   Next: 45%
Magic:  3/3        EV: 12    Int: 13    God:
Gold:   82         SH:  0    Dex: 13    Spells: 0 memorised, 2 levels left

rFire  . . .     SeeInvis .     a - +2 dagger
rCold  . . .     Gourm    .     (no shield)
rNeg   . . .     Faith    .     (helmet restricted)
rPois  .         Spirit   .     (no amulet)
rElec  .         Dismiss  .     j - ring of stealth
rCorr  .         Reflect  .     (no ring)
SustAt .         Harm     .     (no ring)
MR     .....                    (no ring)
Stlth  ++++++....               (no ring)
                                (no ring)
                                (no ring)
                                (no ring)

@: not resistant to hostile enchantments, very stealthy
A: almost no armour, amphibious, 8 rings, constrict 8, camouflage 1, gelatinous
body 1
a: no special abilities


You were on level 2 of the Dungeon.
You were not hungry.

You visited 1 branch of the dungeon, and saw 2 of its levels.

You collected 82 gold pieces.

Inventory:

Hand Weapons
 a - a +2 dagger (weapon)
 b - a +0 blowgun
Missiles
 c - 17 poisoned needles
 d - 2 curare-tipped needles
Jewellery
 j - a ring of stealth (left tentacle)
Scrolls
 e - a scroll of enchant weapon {unknown}
 i - 5 scrolls of identify {unknown}
Potions
 g - a potion of lignification {unknown}
 h - a potion of cancellation {unknown}
 k - a potion of agility {unknown}
Comestibles
 f - 2 bread rations


   Skills:
 + Level 2.2 Fighting
 + Level 2.0 Short Blades
 + Level 2.2 Throwing
 + Level 1.1 Dodging
 + Level 6.6 Stealth


You had 2 spell levels left.
You didn't know any spells.

Dungeon Overview and Level Annotations

Branches:
Dungeon (2/15)

Altars:


Innate Abilities, Weirdness & Mutations

You cannot wear most types of armour.
You are amphibious.
You can wear up to eight rings at the same time.
You can use your tentacles to constrict eight enemies at once.
Your skin changes colour to match your surroundings (Stealth).
Your rubbery body absorbs attacks (AC +1).


Message History

Unknown command.
The kobold moves out of view.
Things that are here:
2 stones; a scroll labeled WIECZE CIRE; a kobold corpse Unknown command.
You closely miss the giant gecko. Your grab misses the giant gecko.
Your squeeze misses the giant gecko. The giant gecko barely misses you.
The kobold throws a stone.
The stone hits you.
Unknown command.
You closely miss the giant gecko. Your grab misses the giant gecko.
Your squeeze misses the giant gecko. The giant gecko closely misses you.
Unknown command.
You hit the giant gecko. You grab the giant gecko.
The giant gecko is heavily wounded.
You constrict the giant gecko. The giant gecko bites you.
* * * LOW HITPOINT WARNING * * *
The kobold throws a stone.
The stone hits you.
* * * LOW HITPOINT WARNING * * *
The giant gecko bites you.
You die...

# #.#########.# #
####...††......#
#######.....########.###
)....?......# #.......
............# #.#...#>
..##........# #.......
......##)##.####†..#
..###.#.#.#.......#_#
..# #..# #..###.@l.# ..#
#.## ##.(.(##.....# ..#
##. #..... .#K..# ... .
#.##... ## ..# # .# ##.#
.# . #. #.# # # # #. .
.. .


You could see a giant gecko and a kobold.

Vanquished Creatures
  An adder (D:2)
  An ooze (D:2)
  A dart slug (D:1)
  A giant cockroach (D:1)
  4 goblins
  2 hobgoblins (D:2)
  4 jackals (D:2)
  A ball python (D:1)
  2 bats (D:2)
  3 kobolds
  4 rats
24 creatures vanquished.

Notes
Turn   | Place    | Note
--------------------------------------------------------------
     0 | D:1      | Eldritch the Octopode Assassin began the quest for the Orb.
     0 | D:1      | Reached XP level 1. HP: 14/14 MP: 1/1
    96 | D:1      | Reached XP level 2. HP: 16/19 MP: 2/2
   457 | D:2      | Reached skill level 6 in Stealth
   982 | D:2      | Reached XP level 3. HP: 24/24 MP: 3/3
  1067 | D:2      | Found a faded altar to an unknown god.
  1081 | D:2      | Slain by a giant gecko

Vault maps used:
D:1:      lightli_arrival_isolated_outpost, kennysheep_minor_cross
D:2:      elyvilon_altar_1, minitemple, ecumenical_altar_1

Skill      XL: |  1  2 |
---------------+-------+-----
Stealth        | 6 |  6.6
Fighting       | |  2.2
Short Blades   | |  2.0
Throwing       | |  2.2
Dodging        | |  1.1

Action                   || total
-------------------------++-------
Melee: Dagger            ||    50
 Stab: Sleeping          ||     8
